[Event "Late-Titled-Tuesday-Blitz-May-28-2024"]
[Site "Chess.com"]
[Date "2024.05.28"]
[Round "7"]
[White "OparinGrigoriy"]
[Black "kingofthenil"]
[Result "0-1"]
[WhiteElo "3052"]
[BlackElo "2947"]
[TimeControl "180+1"]
[EndTime "15:17:53 PDT"]
[Termination "kingofthenil won by resignation"]

1. Nf3 d5 2. g3 g6 3. Bg2 Bg7 4. d4 Nf6 5. O-O O-O 6. c4 c6 7.
Qa4 e6 8. Qc2 Qe7 9. b3 Rd8 10.
Rd1 Ne4 11. Bb2 Nd7 12. Nbd2 f5 13. Ne1 b6 14. Ndf3 Bb7 15. Nd3 Rac8 16. Rac1 c5 17. dxc5 Ndxc5 18. Bxg7 Qxg7 19. Nxc5 bxc5 20. cxd5 exd5 21.
e3 Qf6 22. Ne1 d4 23. exd4 cxd4 24. Qd3 Ba6 25. Qf3 Nc3 26. Nd3 Nxd1 27. Rxd1 Rc3 28.
Bf1 Kg7 29. Qf4 Bb7 30. Ne5 g5 31. Qd2 h6 32. Re1 Rc5 33. Qb4 Qb6 34. Qd2 Rxe5 35. Rxe5 Qc6 36. f3 Qxf3 37. Bg2 Qxg2+ 38. Qxg2 Bxg2 39.
Kxg2 d3 40. Re1 Kf6 41. Kf3 d2 42. Rd1 Ke5 43. Ke2 Ke4 44. b4 f4 45. Rxd2 Rxd2+ 46. Kxd2 Kf3 47. b5 Kg2 48. a4 f3 49. a5 f2 50. b6 axb6 51. a6 f1=Q 52. a7 Qa6 0-1

[Event "Late-Titled-Tuesday-Blitz-May-28-2024"]
[Site "Chess.com"]
[Date "2024.05.28"]
[Round "7"]
[White "Aygehovit1992"]
[Black "karinachess1"]
[Result "0-1"]
[WhiteElo "2807"]
[BlackElo "2640"]
[TimeControl "180+1"]
[EndTime "15:17:54 PDT"]
[Termination "karinachess1 won on time"]

1. e4 e5 2. Nf3 Nc6 3. Bb5 Nge7 4. c3 a6 5. Ba4 b5 6. Bc2 d5 7. O-O Bg4 8. Re1 d4 9. h3 Bh5 10. a4 Rb8 11. axb5 axb5 12. g4 Bg6 13. cxd4 exd4 14. d3 Nc8 15. Nbd2 Be7 16. Nf1 h5 17. Ng3 hxg4 18.
hxg4 Qd7 19. Nf5 Kf8 20. Bb3 Bxf5 21. gxf5 g6 22. Bf4 Nd6 23. e5 Qxf5 24. exd6 Bxd6 25. Bxd6+ cxd6 26. Re4 Qh3 27. Rh4 Rxh4 28. Nxh4 Qxh4 29. Qf3 Ne5 30. Qd5 Qf6 31. Ra6 Rd8 32. Kf1 Nxd3 33. f3 Nc5 34. Ra7 Nxb3 35. Qxb3 Kg7 36. Qd5 Rc8 37. Rb7 Rc1+ 38. Ke2 Rc5 39. Qb3 Re5+ 40. Kf2 Re3 41. Qd5 Qh4+ 42. Kg2 Re2+ 43. Kg1 Qh2+ 0-1

[Event "Late-Titled-Tuesday-Blitz-May-28-2024"]
[Site "Chess.com"]
[Date "2024.05.28"]
[Round "7"]
[White "nihalsarin"]
[Black "Konavets"]
[Result "0-1"]
[WhiteElo "3251"]
[BlackElo "3110"]
[TimeControl "180+1"]
[EndTime "15:17:55 PDT"]
[Termination "Konavets won by resignation"]

1. d4 Nf6 2. c4 e6 3. Nf3 d5 4. Nc3 Bb4 5. Bg5 h6 6. Bxf6 Qxf6 7. e3 O-O 8. Rc1 dxc4 9. Bxc4 c5 10. dxc5 Nd7 11.
O-O Nxc5 12. Nb5 Rd8 13. Qe2 a6 14. Nbd4 Ba5 15. a3 Bb6 16. b4 Ne4 17. h3 Bd7 18.
Bd3 Nd6 19. Nb3 Rac8 20. Nc5 Bxc5 21. bxc5 Nb5 22. Be4 Nc3 23. Qc2 Rxc5 24. Nd4 Ba4 25. Bh7+ Kh8 26. Qb2 Rxd4 27. exd4 Qxd4 28. Bb1 Bb5 29.
Rcd1 Qf6 30. Rd6 g6 31. Re1 Kg7 32. Qd2 Bc6 33. Bd3 Rg5 34. Bf1 Ne4 35. Rxe4 Bxe4 36.
Rd7 Bc6 37. Rc7 Rd5 38. Qb4 Qd8 39. Qf4 Rf5 40. Qg3 e5 41. Bd3 Rg5 0-1

[Event "Late-Titled-Tuesday-Blitz-May-28-2024"]
[Site "Chess.com"]
[Date "2024.05.28"]
[Round "7"]
[White "bazar-wokzal"]
[Black "Chaubunagungamaug1"]
[Result "0-1"]
[WhiteElo "2580"]
[BlackElo "2470"]
[TimeControl "180+1"]
[EndTime "15:17:58 PDT"]
[Termination "Chaubunagungamaug1 won on time"]

1. e4 c5 2. c3 d5 3. exd5 Qxd5 4.
d4 Nc6 5. Nf3 Bf5 6. dxc5 Qxd1+ 7. Kxd1 e6 8. b4 Nf6 9. Bb5 O-O-O+ 10. Bd2 Kc7 11. Bxc6 bxc6 12. Ne5 Ne4 13. Nxf7 Nxf2+ 14. Ke2 Nxh1 15. Nxh8 Bd3+ 16. Ke3 Be7 17. Nf7 Rf8 18. Kxd3 Rxf7 19. Na3 Nf2+ 20. Kc2 Ne4 21. Re1 Nxd2 22.
Kxd2 Bg5+ 23. Kd3 Rd7+ 24. Kc4 Rd2 25. Rxe6 Rxa2 26. Kb3 Rxg2 27. Nc4 Bf6 28. Na5 Rxh2 29. Rxc6+ Kd7 30. Ra6 Rh3 31. Rxa7+ Ke6 32. b5 Bxc3 33.
Kc4 Be5 34. b6 Rh4+ 35. Kb5 Rh1 36. Nc4 Rb1+ 37. Kc6 Bf4 38. Rxg7 h5 39. Rh7 Rc1 40. Na5 Be3 41. Nb7 Kf5 42. Rxh5+ Ke4 0-1

[Event "Late-Titled-Tuesday-Blitz-May-28-2024"]
[Site "Chess.com"]
[Date "2024.05.28"]
[Round "7"]
[White "LUISMIGUELOV"]
[Black "rikchessmx"]
[Result "0-1"]
[WhiteElo "2215"]
[BlackElo "2324"]
[TimeControl "180+1"]
[EndTime "15:17:59 PDT"]
[Termination "rikchessmx won on time"]

1. d4 Nf6 2. c3 e6 3. Bg5 d5 4.
Nd2 c5 5. e3 Nc6 6. Bd3 c4 7.
Bc2 h6 8. Bxf6 gxf6 9. e4 Be7 10. Ngf3 h5 11. Qe2 Bd7 12. exd5 exd5 13. O-O-O Qc7 14. Rde1 O-O-O 15. Kb1 Bd6 16. g3 f5 17. Nh4 f4 18.
Nf5 Rde8 19. Nxd6+ Qxd6 20. Qd1 Bg4 21. f3 Bh3 22.
Rxe8+ Rxe8 23. Re1 Re3 24. Rxe3 fxe3 25. Nf1 Qe6 26.
Qe2 Bxf1 27. Qxf1 e2 28. Qe1 Qe3 29. Bf5+ Kc7 30. f4 Ne7 31. Bh3 Qd3+ 32. Kc1 h4 33. Bg4 Qe3+ 34. Kc2 hxg3 35. hxg3 Qe4+ 36. Kd2 Qd3+ 37.
Kc1 Qe3+ 38. Kc2 Qe4+ 39. Kc1 Qe3+ 40. Kb1 Qd3+ 41. Ka1 f5 42. Bxe2 Qe3 43. Kb1 Ng8 44.
Kc2 Nf6 45. Kd1 Ne4 46. g4 Nf2+ 47. Kc2 Qe4+ 48. Kd2 Qxf4+ 49. Kc2 fxg4 50. Bxc4 dxc4 51. Qe7+ Kb6 52. Qe6+ Ka5 0-1

[Event "Late-Titled-Tuesday-Blitz-May-28-2024"]
[Site "Chess.com"]
[Date "2024.05.28"]
[Round "7"]
[White "marik_spb"]
[Black "Meri-Arabidze"]
[Result "1-0"]
[WhiteElo "2523"]
[BlackElo "2674"]
[TimeControl "180+1"]
[EndTime "15:18:00 PDT"]
[Termination "marik_spb won by resignation"]

1. d4 Nf6 2. c4 e6 3. Nf3 Bb4+ 4. Bd2 Qe7 5. g3 Bxd2+ 6. Nbxd2 d6 7. Bg2 O-O 8. O-O e5 9. e4 a5 10. Qe2 Bg4 11. Qe3 Nc6 12. d5 Nb4 13. Qc3 c6 14.
a3 Na6 15. h3 Bd7 16. Ne1 a4 17. Nd3 b5 18. f4 exf4 19. Rxf4 bxc4 20. Nxc4 Nh5 21. Rf3 cxd5 22. exd5 Rac8 23. Re1 Qg5 24. Qd4 Nxg3 25. Nxd6 Rc2 26. Qf4 Qxf4 27. Nxf4 Nf5 28.
Nxf5 Bxf5 29. Rf2 Rxf2 30. Kxf2 Nc5 31. Rd1 g5 32. Ne2 Nd3+ 33. Ke3 Nxb2 34. Rd4 Re8+ 35. Kd2 Rc8 36. d6 Nc4+ 37. Ke1 Ne3 38. Bb7 Rb8 39.
d7 Rd8 40. Be4 Bxe4 41. Rxe4 Ng2+ 42. Kf2 Rxd7 43. Kxg2 Rd2 44. Kf3 Rd3+ 45. Re3 Rd4 46. Nxd4 1-0

[Event "Late-Titled-Tuesday-Blitz-May-28-2024"]
[Site "Chess.com"]
[Date "2024.05.28"]
[Round "7"]
[White "carloseduar100"]
[Black "maracayo"]
[Result "1-0"]
[WhiteElo "2306"]
[BlackElo "2410"]
[TimeControl "180+1"]
[EndTime "15:18:01 PDT"]
[Termination "carloseduar100 won by resignation"]

1. g3 d6 2. Bg2 e5 3. Nf3 Nf6 4. O-O Be7 5. d4 Nbd7 6. dxe5 dxe5 7. c3 O-O 8. b3 h6 9. Bb2 Re8 10. Nbd2 e4 11. Nd4 e3 12. fxe3 Ng4 13. Nc4 Bg5 14. e4 Nde5 15. Nxe5 Rxe5 16. Qd3 Be3+ 17. Kh1 Rh5 18.
h3 Nf2+ 19. Rxf2 Bxf2 20. Kh2 c5 21. Nf3 Qxd3 22. exd3 c4 23. bxc4 Ra5 24. d4 Be3 25. a3 Be6 26. Re1 Bg5 27. Nxg5 hxg5 28. d5 Bd7 29. e5 Rc8 30. Bf1 b5 31. Re4 bxc4 32. Bxc4 Ra4 33. Bd3 Rxe4 34. Bxe4 Rc4 35. Bd3 Rc5 36. c4 Ba4 37. Bd4 Rc7 38. c5 Bb3 39. Be4 Bxd5 40. Bxd5 Rd7 41. c6 Rxd5 42. c7 Rxd4 43. c8=Q+ Kh7 44. Qc2+ g6 45. Qc5 Ra4 46. g4 Kg7 47. Qd6 Ra5 48. Qf6+ Kg8 49. Qd8+ 1-0

[Event "Late-Titled-Tuesday-Blitz-May-28-2024"]
[Site "Chess.com"]
[Date "2024.05.28"]
[Round "7"]
[White "lachesisQ"]
[Black "jcibarra"]
[Result "1-0"]
[WhiteElo "3067"]
[BlackElo "2902"]
[TimeControl "180+1"]
[EndTime "15:18:02 PDT"]
[Termination "lachesisQ won on time"]

1. e4 c5 2. Nf3 Nc6 3. Bb5 e6 4. O-O Nd4 5. Nxd4 cxd4 6. c3 a6 7. Bd3 Bc5 8. Na3 Ne7 9. Nc2 d5 10. Nxd4 dxe4 11. Bxe4 Bxd4 12. Qa4+ Nc6 13. Bxc6+ bxc6 14. cxd4 O-O 15. d3 Rb8 16. b3 Qd5 17. Be3 a5 18.
Rfc1 Qb5 19. Qa3 Qb4 20. Qb2 a4 21. Rc4 Qb5 22. b4 Ba6 23. a3 Qf5 24. Rxc6 Bxd3 25. Rc5 Qe4 26. Rac1 h6 27. Qd2 Rfd8 28. f3 Qg6 29. h4 Rd5 30. Rxd5 exd5 31. h5 Qf5 32. g4 Qxf3 33. Qxd3 Qxg4+ 34. Kf2 Qh4+ 35. Ke2 Qxh5+ 36. Kd2 Qh2+ 37. Qe2 Qd6 38. Qg2 Re8 39. Rc5 Re4 40. Qf3 Qe6 41. b5 f5 42. Rc6 Qf7 43. Bf2 f4 44. b6 Qe7 45. Rc7 Qd8 46. Qg4 Qf6 47.
b7 Rxd4+ 48. Bxd4 Qxd4+ 49. Ke1 Qe5+ 50. Kf1 Qa1+ 51. Kg2 Qb2+ 52. Kh1 Qc1+ 53. Rxc1 1-0

[Event "Late-Titled-Tuesday-Blitz-May-28-2024"]
[Site "Chess.com"]
[Date "2024.05.28"]
[Round "7"]
[White "Oleg_Papayan"]
[Black "Romadk"]
[Result "1-0"]
[WhiteElo "2609"]
[BlackElo "2460"]
[TimeControl "180+1"]
[EndTime "15:18:04 PDT"]
[Termination "Oleg_Papayan won by resignation"]

1. e4 c5 2. d4 cxd4 3. Qxd4 Nc6 4. Qd3 g6 5. Nc3 Bg7 6. Nf3 d6 7. Be2 Nf6 8. O-O O-O 9. Nd5 Nd7 10. c3 Nde5 11. Qc2 f5 12. exf5 Bxf5 13. Qb3 Be6 14. Ng5 Qd7 15. Nxe7+ Qxe7 16. Qxe6+ Qxe6 17. Nxe6 Rf7 18.
Nxg7 Kxg7 19. Be3 Re8 20. Rfd1 Rd7 21. Rd2 Na5 22. b3 Nac6 23. Rad1 Nf7 24. c4 b6 25. Bf3 Nce5 26. Bd5 Rde7 27. Bd4 Kh6 28. f3 g5 29.
Kf2 Rf8 30. Rh1 Kg6 31. Kg3 h5 32. h4 g4 33. Be4+ Kg7 34. f4 Kh6 35. fxe5 Nxe5 36.
Be3+ Kg7 37. Bg5 Ref7 38. Rxd6 Rd7 39. Bh6+ Kf7 40. Bxf8 Kxf8 41. Rxd7 Nxd7 42. Bg6 Nc5 43.
Bxh5 Nd3 44. Bxg4 Ne5 45. Rf1+ Nf7 46. Be6 Ke7 47. Bxf7 Kd6 48. Kg4 Kc5 49. h5 Kb4 50. Rf2 Ka3 51. h6 Kb4 52. h7 Ka5 53. h8=Q Ka6 54.
Qd4 Ka5 55. Qd5+ Ka6 56. Qb5+ 1-0

[Event "Late-Titled-Tuesday-Blitz-May-28-2024"]
[Site "Chess.com"]
[Date "2024.05.28"]
[Round "7"]
[White "ExchangeAB"]
[Black "djano"]
[Result "0-1"]
[WhiteElo "2495"]
[BlackElo "2618"]
[TimeControl "180+1"]
[EndTime "15:18:05 PDT"]
[Termination "djano won on time"]

1. d4 Nf6 2. Nf3 g6 3. Nbd2 Bg7 4. e4 d6 5. Bd3 O-O 6. O-O c5 7. c3 Qc7 8. Re1 cxd4 9. cxd4 Nc6 10. a3 Nh5 11. Nb3 a5 12. a4 Nb4 13. Be3 Bg4 14.
Rc1 Qd8 15. Bb1 Qd7 16. Nbd2 Rfc8 17. Rxc8+ Qxc8 18. h3 Bd7 19. Qb3 Qe8 20. g4 Nf6 21. Rc1 Bxa4 22. Qa3 Bc6 23. d5 Bb5 24. Nd4 Bd7 25. Rc7 Qd8 26. Rc3 h5 27. g5 Ne8 28.
h4 Nc7 29. Rc1 Nb5 30. Nxb5 Bxb5 31. Nc4 Qd7 32. Bd2 Rc8 33. Ne3 Rxc1+ 34. Bxc1 Qh3 35. Qxa5 Be5 36. f4 Bxf4 37. Qxb5 Bxe3+ 38. Bxe3 Qxe3+ 39. Kh2 Qf2+ 40. Kh3 Qxb2 41. Qe8+ Kg7 42. Qxe7 Qxb1 43. Qf6+ Kf8 44. Qd8+ Kg7 45. Qf6+ Kg8 46. Qd8+ Kh7 47.
Qxd6 Qd3+ 48. Kh2 Qe2+ 49. Kh3 Qf3+ 50. Kh2 Nd3 51. Qe7 Ne1 0-1

[Event "Late-Titled-Tuesday-Blitz-May-28-2024"]
[Site "Chess.com"]
[Date "2024.05.28"]
[Round "7"]
[White "Kostukov_Alex"]
[Black "CristhianPortalR"]
[Result "0-1"]
[WhiteElo "2386"]
[BlackElo "2549"]
[TimeControl "180+1"]
[EndTime "15:18:05 PDT"]
[Termination "CristhianPortalR won on time"]

1. g3 d5 2. Bg2 g6 3. d3 Bg7 4. e4 dxe4 5. dxe4 Qxd1+ 6. Kxd1 Nc6 7. c3 h5 8. h4 Nf6 9. f3 Be6 10. Be3 Rd8+ 11. Nd2 Rd3 12. Ke2 Rd7 13. Bh3 Bxh3 14. Nxh3 O-O 15. a4 Rfd8 16. Nc4 a6 17. Nf2 Ne8 18. Rhd1 Nd6 19. Nd2 Na5 20. Bg5 Kf8 21. Rac1 b6 22. Bf4 e5 23. Bg5 f6 24. Be3 Ndc4 25. Nxc4 Nxc4 26. Rxd7 Rxd7 27. b3 Nxe3 28. Kxe3 f5 29. Rd1 Bh6+ 30. Ke2 Ke7 31. Rxd7+ Kxd7 32. Nd3 Kd6 33. c4 c5 34. Kf2 Bg7 35. Ke2 Kc6 36.
Ke3 b5 37. axb5+ axb5 38. f4 bxc4 39. bxc4 Kd6 40. exf5 gxf5 41. fxe5+ Bxe5 42. Nf4 Bd4+ 43. Kd3 Ke5 44. Nxh5 Bf2 45. Ke2 Bg1 46. Kd3 Bh2 47. Ke3 Bg1+ 48. Kd3 Bd4 49. Nf4 Bf2 50. Ne2 Be1 51. h5 Kf6 52. Ke3 Kg5 0-1

[Event "Late-Titled-Tuesday-Blitz-May-28-2024"]
[Site "Chess.com"]
[Date "2024.05.28"]
[Round "7"]
[White "joksijoksi"]
[Black "giovannibrandao7"]
[Result "1-0"]
[WhiteElo "2531"]
[BlackElo "2291"]
[TimeControl "180+1"]
[EndTime "15:18:05 PDT"]
[Termination "joksijoksi won by resignation"]

1. d4 Nf6 2. c4 g6 3. Nc3 d5 4. Nf3 Bg7 5. Bg5 c6 6. cxd5 cxd5 7.
Bxf6 Bxf6 8. e3 O-O 9. Be2 Nc6 10.
O-O Bf5 11. Qb3 e6 12. Qxb7 Rc8 13. Rfc1 Rc7 14. Qa6 Nb4 15. Qa4 Qe7 16. Nb5 Rxc1+ 17. Rxc1 Rb8 18. Rc7 Qf8 19. Qxa7 Nd3 20. Rxf7 Qxf7 21.
Qxb8+ Kg7 22. Bxd3 Bxd3 23. Nc3 Bc4 24. Nd2 Bd3 25. a4 Be7 26. Qe5+ Bf6 27. Qb8 Qd7 28.
a5 Ba6 29. Qb6 Bc8 30. a6 Bd8 31. Qb5 Qa7 32. Qe8 Qxa6 33. Qxd8 Qa1+ 34. Nf1 Ba6 35.
Qe7+ Kh6 36. Qh4+ Kg7 37. Qe7+ Kh6 38. Qf8+ Kg5 39. h4+ Kh5 40. Qf3+ Kxh4 41. Qh3+ Kg5 42. g3 Bxf1 43. Qxf1 Qxb2 44. Ne2 Kf6 45. Nf4 g5 46. Nd3 Qb5 47. Ne5 Qb6 48. Qh3 Qd8 49. Qh6+ Ke7 50.
Qxh7+ Kd6 51. Nf7+ 1-0

[Event "Late-Titled-Tuesday-Blitz-May-28-2024"]
[Site "Chess.com"]
[Date "2024.05.28"]
[Round "7"]
[White "dawid498"]
[Black "RespectfulDaveOnYouTube"]
[Result "1-0"]
[WhiteElo "2668"]
[BlackElo "2475"]
[TimeControl "180+1"]
[EndTime "15:18:06 PDT"]
[Termination "dawid498 won by resignation"]

1. e4 d5 2. d3 e5 3. Nd2 Nf6 4. g3 Bc5 5. h3 a5 6. Bg2 a4 7. a3 Nc6 8. Ngf3 O-O 9. O-O dxe4 10. Nxe4 Nxe4 11. dxe4 Qe7 12. Re1 Rd8 13. Qe2 b6 14.
Be3 Ba6 15. Bxc5 bxc5 16. Qe3 Nd4 17. Nxd4 cxd4 18. Qd2 Qc5 19. b4 Qc3 20. Qxc3 dxc3 21. Rad1 Rd4 22. Bf1 Bxf1 23. Kxf1 Rad8 24. Rxd4 exd4 25.
Ke2 Kf8 26. Kd3 Ke7 27. f4 Rd6 28. e5 Rd8 29. Re4 f5 30. exf6+ Kxf6 31. Rxd4 Re8 32. Re4 Rb8 33. Kxc3 Rb5 34. Rc4 Rh5 35. h4 Kf5 36. Rc5+ Kg4 37. Rxh5 Kxh5 38. b5 Kg4 39.
Kb4 Kxg3 40. c4 Kxh4 41. c5 Kg4 42. b6 cxb6 43. cxb6 h5 44. b7 h4 45. b8=Q h3 46. f5 Kxf5 47. Qh2 Kg4 48. Kxa4 g5 49. Kb5 Kh4 50. a4 g4 51. Qf4 Kh5 52. Qg3 Kg5 53.
a5 1-0

[Event "Late-Titled-Tuesday-Blitz-May-28-2024"]
[Site "Chess.com"]
[Date "2024.05.28"]
[Round "7"]
[White "GothamChess"]
[Black "Dacean99"]
[Result "1-0"]
[WhiteElo "2802"]
[BlackElo "2594"]
[TimeControl "180+1"]
[EndTime "15:18:07 PDT"]
[Termination "GothamChess won by checkmate"]

1. e4 c5 2. a3 e5 3. Nc3 g6 4. Bc4 Bg7 5. d3 Ne7 6. f4 d6 7.
Nf3 O-O 8. O-O Nbc6 9. Kh1 a6 10.
fxe5 dxe5 11. Bg5 h6 12. Be3 Nd4 13. Qd2 Kh7 14. a4 f5 15. exf5 Nexf5 16. Rac1 Bd7 17. Bd5 Rb8 18. b3 b5 19. axb5 axb5 20. Ne4 Qc7 21. c3 Nxf3 22. Rxf3 Nxe3 23. Qxe3 Rxf3 24. gxf3 Rc8 25. Rg1 Bf5 26. Ra1 Rd8 27. c4 bxc4 28. bxc4 Rc8 29. Ng3 e4 30. Nxf5 gxf5 31. Rb1 Bd4 32.
Qe2 Qf4 33. dxe4 Rb8 34. Rxb8 Qxb8 35. exf5 Be5 36. f6 Kg6 37. f4 Bxf4 38. f7 Bd6 39. Qe6+ Kg7 40. Qg4+ Kf6 41. Qf3+ Kg7 42. Qg4+ Kf6 43.
Qf3+ Kg7 44. Kg2 Qb2+ 45. Kf1 Qc1+ 46. Ke2 Qc2+ 47. Ke1 Qxh2 48. f8=Q+ Bxf8 49. Qf7+ Kh8 50. Qxf8+ Kh7 51. Be4# 1-0

[Event "Late-Titled-Tuesday-Blitz-May-28-2024"]
[Site "Chess.com"]
[Date "2024.05.28"]
[Round "7"]
[White "Bilan_Danila"]
[Black "Chess_Star1234"]
[Result "1-0"]
[WhiteElo "2564"]
[BlackElo "2432"]
[TimeControl "180+1"]
[EndTime "15:18:07 PDT"]
[Termination "Bilan_Danila won by resignation"]

1. d4 d5 2. Nf3 Nf6 3. c4 e6 4. Nc3 Be7 5. Bg5 O-O 6. e3 b6 7. cxd5 Nxd5 8. Bxe7 Qxe7 9. Nxd5 exd5 10. Rc1 c5 11. dxc5 bxc5 12. Qxd5 Bb7 13. Qxc5 Qe6 14. Bc4 Qg4 15. Bd5 Rc8 16. Qxc8+ Bxc8 17. Bxa8 Be6 18.
O-O h6 19. Nd4 Nd7 20. Bf3 Qg6 21. Nxe6 Qxe6 22. b3 Ne5 23. Be2 g6 24. Rfd1 Qe7 25. Rd5 Kg7 26. Rdc5 Qd6 27. R5c2 Qa3 28. h3 h5 29. Bc4 a5 30. Rd1 a4 31. Rcd2 axb3 32. Bxb3 Qb4 33. Rd4 Qb6 34. f4 Nc6 35. R4d3 Nb4 36.
Rc3 Na6 37. Rd7 Nc5 38. Rxf7+ Kh6 39. Re7 Qd6 40. Re5 Nd7 41. Rd5 Qe7 42. Rcd3 Nf6 43. Rd6 Ne4 44. Rd7 Qe8 45. Bf7 Qa8 46. Rd8 Ng3 47. Rxa8 h4 48. Kf2 Kh5 49. Bxg6+ Kxg6 50. Ra5 Nf5 51. Rxf5 Kxf5 52. Rd4 Ke6 53. a4 Kf5 54. a5 Ke6 55. a6 Kf5 56. a7 1-0

[Event "Late-Titled-Tuesday-Blitz-May-28-2024"]
[Site "Chess.com"]
[Date "2024.05.28"]
[Round "7"]
[White "Alina_Gumerovna"]
[Black "katharinareinecke"]
[Result "1-0"]
[WhiteElo "2183"]
[BlackElo "1943"]
[TimeControl "180+1"]
[EndTime "15:18:07 PDT"]
[Termination "Alina_Gumerovna won by checkmate"]

1. e4 c6 2. d4 d5 3. e5 Bf5 4. h4 h5 5. Bd3 Bxd3 6. cxd3 e6 7.
Nh3 Qxh4 8. Qb3 b6 9. Be3 Ne7 10.
Nd2 Nf5 11. Nf3 Qd8 12. Bg5 Be7 13. a4 f6 14. exf6 gxf6 15. Bf4 Nd7 16. Rc1 c5 17.
dxc5 Nxc5 18. Qb5+ Kf7 19. O-O a6 20. Qb4 Nxd3 21. Qd2 Nxc1 22. Rxc1 Rc8 23. Re1 e5 24. Bxe5 fxe5 25. Nxe5+ Kg7 26. Qf4 Rf8 27. Qf3 Bd6 28. Qxh5 Bxe5 29. Rxe5 Rc1+ 30. Kh2 Qd6 31. f4 Nh6 32. Rg5+ Kh7 33. Qf3 Rc4 34. g3 Rc2+ 35. Nf2 Qb4 36. Qd3+ Nf5 37. Qxc2 Qe1 38. Rxf5 Rxf5 39.
Qxf5+ Kg8 40. Ng4 Qe2+ 41. Kh3 Qf1+ 42. Kh4 Qh1+ 43. Kg5 Qh8 44. Nh6+ Kg7 45. Qf7# 1-0

[Event "Late-Titled-Tuesday-Blitz-May-28-2024"]
[Site "Chess.com"]
[Date "2024.05.28"]
[Round "7"]
[White "artin10862"]
[Black "Iball95"]
[Result "1-0"]
[WhiteElo "3026"]
[BlackElo "2850"]
[TimeControl "180+1"]
[EndTime "15:18:08 PDT"]
[Termination "artin10862 won on time"]

1. c4 e6 2. Nc3 d5 3. d4 c5 4. e3 Nf6 5. Nf3 Nc6 6. a3 Ne4 7. Bd3 Nxc3 8. bxc3 Be7 9. O-O dxc4 10. Bxc4 O-O 11. e4 Na5 12. Bd3 b6 13. d5 exd5 14.
exd5 c4 15. Bc2 Bd6 16. Ng5 h6 17. Qh5 Nb3 18. Be3 Nxa1 19. Rxa1 Qf6 20. Ne4 Qe5 21. Qh4 Be7 22. Qg3 Qxg3 23. hxg3 Rd8 24. d6 Bf8 25. Bf4 Bb7 26. Rd1 Rd7 27. f3 Rad8 28.
Ba4 Bxe4 29. Bxd7 Bd3 30. Bb5 f6 31. d7 Kf7 32. Bc7 Be7 33. Bxd8 Bxd8 34. Re1 Be7 35. Bc6 Bf5 36. Bd5+ Kf8 37. Be6 Bd3 38. g4 g6 39. Bd5 b5 40. Bc6 a6 41. d8=Q+ Bxd8 42. Re8+ Kf7 43. Rxd8 Be4 44. Bxe4 f5 45. gxf5 b4 46.
axb4 1-0

[Event "Late-Titled-Tuesday-Blitz-May-28-2024"]
[Site "Chess.com"]
[Date "2024.05.28"]
[Round "7"]
[White "KingCyber19"]
[Black "Rodalquilar"]
[Result "1-0"]
[WhiteElo "2634"]
[BlackElo "2795"]
[TimeControl "180+1"]
[EndTime "15:18:09 PDT"]
[Termination "KingCyber19 won on time"]

1. d4 d5 2. c4 e6 3. g3 Nf6 4. Bg2 Be7 5. Nf3 O-O 6. O-O dxc4 7. Qa4 a6 8. Qxc4 b5 9. Qc2 Bb7 10. Bd2 Be4 11. Qc1 c6 12. a4 b4 13. Rd1 Nbd7 14. Bf4 Rc8 15. Nbd2 Bg6 16. Nc4 c5 17. Nfe5 Be4 18.
Bxe4 Nxe4 19. dxc5 Nexc5 20. Nxd7 Nxd7 21. b3 Qe8 22. a5 Nf6 23. Qd2 Qb5 24. Bd6 Rfd8 25.
Qe1 Bf8 26. Bxf8 Rxd1 27. Rxd1 Rxf8 28. Rd6 Nd5 29. e4 Nc3 30. Qe3 Rc8 31. Rb6 Qh5 32. Rxa6 Qd1+ 33. Kg2 Ne2 34. Rd6 Qg1+ 35. Kf3 Nc3 36.
h4 Qh1+ 37. Kf4 h6 38. a6 g5+ 39. hxg5 hxg5+ 40. Kxg5 Kg7 41. Qd4+ Kh7 42. Qf6 Rg8+ 43. Kf4 Qc1+ 44. Nd2 1-0

[Event "Late-Titled-Tuesday-Blitz-May-28-2024"]
[Site "Chess.com"]
[Date "2024.05.28"]
[Round "7"]
[White "Sanyura"]
[Black "giomar27"]
[Result "1-0"]
[WhiteElo "2613"]
[BlackElo "2462"]
[TimeControl "180+1"]
[EndTime "15:18:09 PDT"]
[Termination "Sanyura won by checkmate"]

1. c4 e5 2. Nc3 Nf6 3. g3 Bc5 4.
Bg2 O-O 5. d3 Re8 6. Nf3 c6 7. O-O d5 8. cxd5 cxd5 9. Bg5 Nc6 10.
Bxf6 gxf6 11. e4 d4 12. Nd5 Be6 13. Nh4 Nb4 14. Rc1 Rc8 15. Qb3 Nxd5 16. exd5 Bg4 17.
Be4 Qb6 18. Qa4 Qb4 19. Qxb4 Bxb4 20. Bf5 Bxf5 21. Nxf5 Red8 22. Kg2 Kf8 23. Kf3 Ke8 24.
Ke4 Kd7 25. g4 Bd2 26. Rxc8 Rxc8 27. h4 Rc2 28. g5 Bf4 29. gxf6 Re2+ 30. Kf3 Rxb2 31.
Rg1 Rb6 32. Rg7 Rxf6 33. Ke4 h6 34. Rg8 Rb6 35. Rf8 Rf6 36. Ra8 Ra6 37. Rb8 Kc7 38. Re8 Rxa2 39. Re7+ Kb6 40. d6 Kc6 41. Rc7+ Kb6 42.
Rxf7 Rc2 43. d7 Kc7 44. Ng7 Rc6 45. Kf5 Bd2 46. Ne6+ Kd6 47. d8=Q# 1-0

[Event "Late-Titled-Tuesday-Blitz-May-28-2024"]
[Site "Chess.com"]
[Date "2024.05.28"]
[Round "7"]
[White "gamboajp"]
[Black "ChEsper99"]
[Result "1-0"]
[WhiteElo "2065"]
[BlackElo "2225"]
[TimeControl "180+1"]
[EndTime "15:18:09 PDT"]
[Termination "gamboajp won by resignation"]

1. c4 c5 2. Nf3 Nc6 3. d4 cxd4 4.
Nxd4 g6 5. e4 Bg7 6. Nc2 Nf6 7.
Nc3 d6 8. Be2 O-O 9. O-O a6 10. Be3 Nd7 11. Qd2 Qa5 12. b4 Qd8 13.
a4 a5 14. b5 Nb4 15. Nxb4 axb4 16. Nd5 Bxa1 17. Rxa1 e6 18. Nxb4 Nc5 19. Bh6 Qf6 20.
Ra3 Rxa4 21. Rxa4 Nxa4 22. Bxf8 Kxf8 23. Qxd6+ Kg7 24. e5 Qf4 25. Nd3 Qd2 26. Bf1 b6 27. Qe7 Nc3 28. Qf6+ Kh6 29. Qxf7 Ne2+ 30. Kh1 Qd1 31.
Qf8+ Kg5 32. Qf6+ Kh5 33. Qf3+ Kh6 34. Qxe2 Qa1 35. Qe3+ Kg7 36. Kg1 Bb7 37. Qxb6 Be4 38. Qc7+ Kh6 39. Nf4 g5 40. Qf7 gxf4 41. Qf6+ Bg6 42.
Qxf4+ Kg7 43. Qf6+ Kg8 44. Qxe6+ Kg7 45. Qe7+ Kh6 46.
Qh4+ Kg7 47. Qf4 Bd3 48. Qg3+ Kf8 49. Qxd3 Ke7 50. c5 1-0

[Event "Late-Titled-Tuesday-Blitz-May-28-2024"]
[Site "Chess.com"]
[Date "2024.05.28"]
[Round "7"]
[White "Caracal3000"]
[Black "Redzishchess"]
[Result "0-1"]
[WhiteElo "2561"]
[BlackElo "2466"]
[TimeControl "180+1"]
[EndTime "15:18:10 PDT"]
[Termination "Redzishchess won by resignation"]

1. e4 c5 2. Nf3 d6 3. d4 cxd4 4. Nxd4 Nf6 5. Nc3 g6 6. Be3 Bg7 7. f3 O-O 8. Qd2 Nc6 9. O-O-O d5 10. Kb1 Nxd4 11. e5 Nd7 12. Bxd4 Nxe5 13. f4 Nc4 14.
Qf2 Bg4 15. Bxg7 Kxg7 16. Rxd5 Qb6 17. Qd4+ Qxd4 18. Rxd4 Nb6 19. h3 Be6 20. Be2 Rfd8 21. Rhd1 Rxd4 22. Rxd4 Rc8 23. Bf3 Nc4 24. Bxb7 Rb8 25.
Bd5 Nxb2 26. Kc1 Bxd5 27. Nxd5 e6 28. Ne3 a5 29. Nf1 a4 30. a3 f6 31. Nd2 e5 32.
Rb4 Rxb4 33. axb4 a3 34. c4 exf4 35. b5 Kf7 36. b6 Nd3+ 37. Kb1 Nc5 38. Ka2 Ke7 39.
Kxa3 Kd6 40. Nb3 Nxb3 41. Kxb3 Kc6 42. c5 g5 43. Kc3 h5 44. Kd3 f5 45. Kd4 g4 46.
Kd3 f3 47. gxf3 gxh3 48. Ke2 h2 0-1

[Event "Late-Titled-Tuesday-Blitz-May-28-2024"]
[Site "Chess.com"]
[Date "2024.05.28"]
[Round "7"]
[White "rhungaski"]
[Black "Smiechu"]
[Result "1-0"]
[WhiteElo "2603"]
[BlackElo "2457"]
[TimeControl "180+1"]
[EndTime "15:18:12 PDT"]
[Termination "rhungaski won by checkmate"]

1. Nf3 Nf6 2. c4 e6 3. g3 d5 4. Bg2 c6 5. b3 Bd6 6. O-O O-O 7.
d4 Nbd7 8. Nc3 Qe7 9. Nh4 dxc4 10. bxc4 c5 11. e3 Nb6 12. Qb3 Bd7 13. Bxb7 Rab8 14. Bg2 cxd4 15. exd4 Nbd5 16. Qc2 Nxc3 17. Qxc3 Bb4 18. Qd3 Rfc8 19. Bf4 Bd6 20. Bxd6 Qxd6 21. Rfc1 Rb2 22. Nf3 Bc6 23. c5 Qd8 24. Ne5 Bxg2 25. Kxg2 Qd5+ 26. Qf3 Qxd4 27. Nd3 Rd2 28. Rd1 Ne4 29.
Rxd2 Nxd2 30. Qb7 Rd8 31. Nb2 Qxc5 32. Rd1 Qc2 33. Qb3 Qc6+ 34. f3 h5 35. Qa3 Qc2 36. Kh3 Qf5+ 37. Kg2 h4 38. gxh4 Qc2 39. Kh3 Rb8 40.
Qxa7 Qxb2 41. Rg1 Rb7 42. Qa8+ Kh7 43. Qf8 Nxf3 44. Rg2 Qe5 45. Rg3 Qf5+ 46. Rg4 Rb4 47. Qxg7# 1-0